 Dungeon Crawl Stone Soup version 0.22.1-1-ga44c0e5 (webtiles) character file.

65 topirishpotato the Sneak (level 4, -3/27 HPs)
             Began as an Octopode Ice Elementalist on Sept 28, 2018.
             Slain by a killer bee (8 damage)
             ... on level 2 of the Dungeon.
             The game lasted 00:09:03 (1992 turns).

topirishpotato the Sneak (OpIE)                     Turns: 1992, Time: 00:09:04

Health: -3/27      AC:  1    Str:  7    XL:     4   Next: 14%
Magic:  2/7        EV: 13    Int: 18    God:
Gold:   72         SH:  0    Dex: 12    Spells: 2/8 levels left

rFire    . . .     SeeInvis .   f - -3 short sword (curse)
rCold    . . .     Gourm    .   (no shield)
rNeg     . . .     Faith    .   (helmet restricted)
rPois    .         Spirit   .   (no amulet)
rElec    .         Reflect  .   (no ring)
rCorr    .         Harm     .   (no ring)
MR       .....                  (no ring)
Stlth    +++.......             (no ring)
HPRegen  0.09/turn              (no ring)
MPRegen  0.10/turn              (no ring)
                                (no ring)
                                (no ring)

@: lethally poisoned (-3 -> -10)
A: almost no armour, stealthy swim, amphibious, 8 rings, constrict 8, camouflage
1, gelatinous body 1
a: no special abilities


You were on level 2 of the Dungeon.
You were hungry.

You visited 1 branch of the dungeon, and saw 3 of its levels.

You collected 72 gold pieces.

Inventory:

Hand Weapons
 a - a +0 dagger
 f - a cursed -3 short sword (weapon)
Missiles
 c - 39 stones (quivered)
 d - 8 sling bullets
Scrolls
 e - 2 scrolls of identify
 g - 2 scrolls of teleportation
Comestibles
 b - 4 rations


   Skills:
 - Level 2.0 Dodging
 + Level 4.0 Stealth
 * Level 2.5 Spellcasting
 - Level 1.0 Conjurations
 + Level 4.0 Ice Magic


You had 2 spell levels left.
You knew the following spells:

 Your Spells              Type           Power        Failure   Level  Hunger
a - Freeze                Ice            ###.         3%          1    #......
b - Throw Frost           Conj/Ice       ##....       10%         2    ##.....
c - Ozocubu's Armour      Chrm/Ice       #.......     22%         3    ###....

Your spell library contained the following spells:

 Spells                   Type           Power        Failure   Level  Hunger
 Throw Icicle             Conj/Ice       ##......     52%         4    #####..
 Summon Ice Beast         Ice/Summ       #.......     58%         4    #####..


Dungeon Overview and Level Annotations

Branches:
Dungeon (3/15)

Altars:
Vehumet


Innate Abilities, Weirdness & Mutations

You cannot wear most types of armour.
You are very stealthy in the water. (Stealth+)
You are amphibious.
You can wear up to eight rings at the same time.
You can use your tentacles to constrict eight enemies at once.
Your skin changes colour to match your surroundings (Stealth+).
Your rubbery body absorbs attacks. (AC +1, EV +1)


Message History

* * * LOW HITPOINT WARNING * * *
You feel sick.
You climb upwards.
* * * LOW HITPOINT WARNING * * *
You feel sick.
There is a stone staircase leading down here.
It was a potion of curing.
You feel better. The killer bee barely misses you. The killer bee stings you.
You are poisoned.
The killer bee poisons you!
You hit the killer bee but do no damage.
Your grab misses the killer bee.
You feel sick. The killer bee stings you.
* * * LOW HITPOINT WARNING * * *
The killer bee closely misses you.
You miss the killer bee. You grab the killer bee. You squeeze the killer bee.
The killer bee is heavily wounded.
You constrict the killer bee, but do no damage.
* * * LOW HITPOINT WARNING * * *
You feel sick. The killer bee stings you!
You die...

#.'.......##.....##.##......###..
#.#.......##..##.##.##......###..
#.#.......##..##.##..............
......#+####...#.###..........###
###..รท.......#.#.###.#.###....#
###...........................###
............###..###.#.###....##.
###..................#.###....##.
#.............@#####...........
#..........#.#y................
#.########...#.####..###..####.
#.# #####.#....# #..###..# #. #.#
#..........###..##...# #.
#.##########.##.#....##..#####.
#....#######.##.#..............
#....'............#........###.
#....##########......##..#.# #.


You could see a killer bee.

Vanquished Creatures
  2 gnolls (D:3)
  2 worms (D:2)
  An orc (D:3)
  A giant cockroach (D:2)
  5 goblins
  6 hobgoblins
  3 jackals (D:2)
  2 kobolds (D:1)
  8 bats
  5 frilled lizards
  4 rats
39 creatures vanquished.

Notes
Turn   | Place    | Note
-------+----------+-------------------------------------------
     0 | D:1      | topirishpotato the Octopode Ice Elementalist began the
                  | quest for the Orb.
     0 | D:1      | Reached XP level 1. HP: 11/11 MP: 3/3
   171 | D:1      | Reached XP level 2. HP: 14/17 MP: 5/5
   211 | D:1      | Learned a level 2 spell: Throw Frost
  1154 | D:2      | Reached XP level 3. HP: 7/21 MP: 0/6
  1337 | D:2      | Learned a level 3 spell: Ozocubu's Armour
  1372 | D:2      | Found a radiant altar of Vehumet.
  1972 | D:3      | Reached XP level 4. HP: 19/27 MP: 0/7
  1992 | D:2      | Slain by a killer bee

Skill      XL: |  1  2  3 |
---------------+----------+-----
Stealth        | 3 4 |  4.0
Ice Magic      | 4 |  4.0
Dodging        | |  2.0
Spellcasting   | |  2.5
Conjurations   | |  1.0

Action                   |  1- 3 |  4- 6 || total
-------------------------+-------+-------++-------
Melee: Dagger            |    31 |       ||    31
       Unarmed           |     4 |       ||     4
       Constrict         |    20 |     1 ||    21
       Tentacles         |     9 |     1 ||    10
       Short sword       |    35 |     2 ||    37
 Cast: Freeze            |    20 |       ||    20
       Throw Frost       |     2 |       ||     2
  Use: Scroll            |     3 |       ||     3
       Potion            |       |     1 ||     1
 Stab: Sleeping          |    14 |       ||    14
  Eat: Chunk             |     3 |       ||     3
Armor: Skin              |     8 |     1 ||     9
Dodge: Dodged            |    40 |     6 ||    46
